 Dungeon Crawl Stone Soup version 0.13.0-29-gdb529de (webtiles) character file.

525 OrbBro the Basher (level 6, -6/59 HPs)
             Began as an Ogre Hunter on Nov 6, 2013.
             Was an Initiate of Okawaru.
             Mangled by a wyvern skeleton (10 damage)
             ... on Level 4 of the Dungeon.
             The game lasted 00:05:49 (3186 turns).

OrbBro the Basher (Ogre Hunter)                     Turns: 3186, Time: 00:05:49

HP  -6/59        AC  4     Str 18      XL: 6   Next: 46%
MP   5/5         EV 10     Int 10      God: Okawaru [......]
Gold 204         SH  0     Dex 12      Spells:  0 memorised,  5 levels left

Res.Fire  : . . .   See Invis. : .   l - +0,+1 dwarf mace
Res.Cold  : . . .   Warding    : .   d - +0 animal skin
Life Prot.: . . .   Conserve   : .   (shield restricted)
Res.Poison: .       Res.Corr.  : .   (helmet restricted)
Res.Elec. : .       Clarity    : .   e - +0 elf cloak
Sust.Abil.: . .     Spirit.Shd : .   (gloves unavailable)
Res.Mut.  : .       Stasis     : .   (boots unavailable)
Res.Rott. : .       Flight     : .   (no amulet)
Saprovore : + . .                    (no ring)
                                     (no ring)

@: slightly resistant to hostile enchantments, fairly stealthy
A: unfitting armour, fangs 1, breathe flames 1, herbivore 1, fast metabolism 1,
saprovore 1, tough skin 1
a: Renounce Religion, Breathe Fire


You were on level 4 of the Dungeon.
You worshipped Okawaru.
Okawaru was noncommittal.
You were hungry.

You visited 1 branch of the dungeon, and saw 4 of its levels.

You collected 184 gold pieces.

Inventory:

Hand weapons
 a - a +1,+1 club {=f}
 g - a +0,+0 giant club
 l - a +0,+1 dwarven mace (weapon)
Missiles
 b - 5 large rocks (quivered)
 c - 3 throwing nets
Armour
 d - a +0 animal skin (worn)
 e - a +0 elven cloak (worn)
Comestibles
 f - 5 meat rations
 h - a sausage
 i - an apple
 o - a snozzcumber
Scrolls
 j - 5 scrolls of remove curse
Jewellery
 s - a +3 ring of strength {unknown}
Potions
 k - a potion of confusion
 m - a potion of curing


   Skills:
 - Level 2.8 Fighting
 + Level 8.0 Maces & Flails
 - Level 4.9 Throwing
 - Level 1.7 Dodging
 - Level 0.7 Stealth


You had 5 spell levels left.
You didn't know any spells.

Dungeon Overview and Level Annotations

Branches:
Dungeon (4/27)
 Temple: D:4-7

Altars:
Okawaru


Innate Abilities, Weirdness & Mutations

You are too large for most types of armour.
You have a fast metabolism.
You can tolerate rotten meat.
You have tough skin (AC +1).
You have very sharp teeth.
You can breathe flames.
You digest meat inefficiently.


Message History

n - a chunk of worm flesh Unknown command.
Eating a chunk of worm flesh.
This raw flesh tastes unpleasant.
You continue eating.
You start resting.
You are feeling hungry.
A wyvern skeleton comes into view.
A wyvern skeleton is nearby!
A wyvern skeleton is nearby!
Found 9 gold pieces.
You hit the wyvern skeleton. The wyvern skeleton bites you!
You hit the wyvern skeleton. The wyvern skeleton bites you!
* * * LOW HITPOINT WARNING * * *
The wyvern skeleton bites you!
* * * LOW HITPOINT WARNING * * *
You are too injured to fight recklessly!
You are too injured to fight recklessly!
You are too injured to fight recklessly!
The wyvern skeleton bites you!
You die...

########################
...................).....
........@...############.
.........Z..# #.
..$........# #.
.....#####.# ########.
..... #.............. .#.
#.............. .
#..............
#.####..####### #.# . #


You could see a wyvern skeleton.

Vanquished Creatures
  An ogre (D:4)
  Crazy Yiuf (D:2)
  2 orc priests (D:3)
  4 adders
  2 giant mites
  2 worms
  7 orcs (D:3)
  7 bats
  4 giant cockroaches
  7 goblins
  8 hobgoblins
  7 jackals
  A quokka (D:2)
  4 training dummies (D:2)
  A giant gecko (D:3)
  4 giant newts
  5 kobolds
  5 rats
72 creatures vanquished.

Notes
Turn   | Place    | Note
--------------------------------------------------------------
     0 | D:1      | OrbBro, the Ogre Hunter, began the quest for the Orb.
     0 | D:1      | Reached XP level 1. HP: 20/20 MP: 0/0
    64 | D:1      | Reached XP level 2. HP: 28/28 MP: 1/1
   990 | D:2      | Reached XP level 3. HP: 29/36 MP: 2/2
  1325 | D:2      | Noticed Crazy Yiuf
  1330 | D:2      | Killed Crazy Yiuf
  1330 | D:2      | Reached XP level 4. HP: 39/44 MP: 3/3
  1425 | D:2      | Found an iron altar of Okawaru.
  1453 | D:2      | Became a worshipper of Warmaster Okawaru
  1739 | D:2      | Reached skill level 5 in Maces & Flails
  1985 | D:3      | Reached XP level 5. HP: 46/50 MP: 4/4
  2271 | D:3      | Reached skill level 6 in Maces & Flails
  3058 | D:3      | Reached skill level 7 in Maces & Flails
  3086 | D:4      | Gained mutation: You can breathe flames. [potion of mutation]
  3086 | D:4      | Gained mutation: You have very sharp teeth. [potion of mutation]
  3086 | D:4      | Gained mutation: You digest meat inefficiently. [potion of mutation]
  3115 | D:4      | Noticed an ogre
  3121 | D:4      | Killed an ogre
  3121 | D:4      | Reached XP level 6. HP: 59/59 MP: 5/5
  3153 | D:4      | Reached skill level 8 in Maces & Flails
  3186 | D:4      | Mangled by a wyvern skeleton

Action                   |  1- 3 |  4- 6 || total
-------------------------+-------+-------++-------
Melee: Club              |    68 |    55 ||   123
       Mace              |       |   110 ||   110
Throw: Large rock        |    11 |    14 ||    25
  Use: Scroll            |     3 |     5 ||     8
       Potion            |       |     5 ||     5
